cohdb
Replays
Latest Replays
All Replays
Popular Replays
Top Player Replays
Match Explorer
How It Works
Community
CoH3 Stats
Reddit
Sign in to upload your games and track your stats! →
Sign in with Steam
Match 46758998
Unlisted
Match 46758998
Overview
Messages
Build Orders
End
Kradschützen Motorcycle Team
Panzergrenadier Squad
250 Light Carrier
Construct Light Support Kompanie
MG34 Team
Assault Grenadier Squad
Fire Support Elements
Selects Italian Infantry
Selects Defensive Operations
Construct Panzerarmee Kommand
Selects Guastatori Squad
Panzer III L Medium Tank
Selects Registered Artillery
Registered Artillery
Guastatori Squad
Walking Stuka Rocket Launcher
Guastatori Squad
Panzer III L Medium Tank
Veteran Squad Leaders
Selects Prepared Positions
Selects Obice 305mm Barrage
Flak 36 Anti-tank Gun Team
Registered Artillery
Panzer III L Medium Tank
Walking Stuka Rocket Launcher
Base rush noobs #
Loxapac
Zoni
Don Pitudo
PodadoAim
Butomorgen
0
0
Comments
sign in to comment!
No comments posted yet!